 Dungeon Crawl Stone Soup version 0.28-a0-941-g140ffa10cf (webtiles) character file.

Game seed: 901737368922239796

41 Glundar the Skirmisher (level 3, -3/23 HPs)
             Began as a Gargoyle Berserker on Nov 29, 2021.
             Was a Follower of Trog.
             Killed from afar by Sigmund (6 damage)
             ... with a magic dart
             ... on level 2 of the Dungeon.
             The game lasted 00:03:42 (1719 turns).

Glundar the Skirmisher (Gargoyle Berserker)         Turns: 1719, Time: 00:03:42

Health: -3/23      AC:  6    Str: 21    XL:     3   Next: 52%
Magic:  0/3        EV: 11    Int:  7    God:    Trog [*.....]
Gold:   91         SH:  0    Dex:  9    Spells: 2/2 levels left

rFire   . . .      SeeInvis .   a - +0 hand axe
rCold   . . .      Faith    .   (no shield)
rNeg    + . .      Spirit   +   d - +0 leather armour
rPois   ∞          Reflect  .   (no helmet)
rElec   +          Harm     .   (no cloak)
rCorr   .          Rampage  .   (no gloves)
Will    .....                   (no boots)
Stlth   +.........              e - amulet of guardian spirit
HPRegen 0.07/turn               (no ring)
MPRegen 0.08/turn               (no ring)

@: no status effects
A: sickness immunity, AC +3, negative energy resistance 1, electricity
resistance, torment resistance 1, petrification resistance
a: Renounce Religion, Berserk


You were on level 2 of the Dungeon.
You worshipped Trog.
Trog was aware of your devotion.
You visited 1 branch of the dungeon, and saw 2 of its levels.

You collected 91 gold pieces.

Inventory:

Hand Weapons
 a - a +0 hand axe (weapon)
Missiles
 b - 18 poisoned darts (quivered)
Armour
 d - a +0 leather armour (worn)
Jewellery
 e - an amulet of guardian spirit (around neck)
Scrolls
 c - 2 scrolls of amnesia {unknown}
 f - a scroll of blinking {unknown}
 g - a scroll of holy word {unknown}
 h - a scroll of magic mapping {unknown}
 i - a scroll of identify {unknown}
 j - a scroll of teleportation {unknown}
 k - a scroll of acquirement {unknown}


   Skills:
 + Level 3.6 Fighting
 + Level 3.2 Axes
 + Level 2.5 Armour
 + Level 2.1 Dodging


You had 2 spell levels left.
You didn't know any spells.
Your spell library was empty.

Dungeon Overview and Level Annotations

Branches:
Dungeon (2/15)

Altars:

Annotations:
D:2 Sigmund


Innate Abilities, Weirdness & Mutations

You are immune to sickness and miasma.
Your stone body is resilient. (AC +3)
You are immune to poison.
You resist negative energy. (rN+)
You are resistant to electric shocks. (rElec)
You are resistant to unholy torment.
You are immune to petrification.


Message History

You hit the hobgoblin.
The hobgoblin is severely wounded.
The hobgoblin barely misses you.
The hobgoblin hits you but does no damage.
You hit the hobgoblin.
You kill the hobgoblin!
Trog accepts your kill.
No target in view!
HP restored.
A rat comes into view.
The rat closely misses you.
You closely miss the rat. The rat closely misses you.
You barely miss the rat. The rat misses you.
You closely miss the rat.
The rat twitches its whiskers.
The rat misses you.
You closely miss the rat. The rat bites you but does no damage.
You hit the rat.
You kill the rat!
Trog accepts your kill.
No target in view!
k - a scroll labelled IRAJ JAWNEALO You now have 91 gold pieces (gained 10).
Sigmund the Dreaded comes into view.
He is wielding a +0 scythe.
Sigmund shouts!
Sigmund points at you and mumbles some strange words.
The magic dart hits you. Sigmund hits you but does no damage.
You hit Sigmund but do no damage. Sigmund hits you with a +0 scythe!
You hit Sigmund.
Sigmund is lightly wounded.
Sigmund hits you with a +0 scythe!
* * * LOW HITPOINT WARNING * * *
You are too injured to fight recklessly!
You are too injured to fight recklessly!
You are too injured to fight recklessly!
You are too injured to fight recklessly!
Sigmund casts a spell at you. The magic dart hits you.
You die...

#..# .. ..### #... #.
##... #.#. #..#...
#.#. ####..#..# #<#.
#........###
#.#@###.##..#<...#
#.#...#.##..#.##.##
#.###.#.##..#.#...##
#.# #@#.##..#÷.....##
#.###.#.##..#.......##
#.##....##............
#...................##
###....######.........
#.#.## #.#...####
#....## #.##†.#
##.###.## #.# #.# #.##
##.# #.# ...


You could see Sigmund.

Vanquished Creatures
  A gnoll (D:1)
  A dart slug (D:1)
  3 ball pythons (D:1)
  3 bats (D:1)
  5 endoplasms
  3 goblins (D:1)
  4 hobgoblins
  3 jackals (D:2)
  A frilled lizard (D:2)
  A rat (D:2)
25 creatures vanquished.

Notes
Turn   | Place    | Note
-------+----------+-------------------------------------------
     0 | D:1      | Glundar the Gargoyle Berserker began the quest for the Orb.
     0 | D:1      | Reached XP level 1. HP: 14/14 MP: 1/1
   354 | D:1      | Reached XP level 2. HP: 19/19 MP: 2/2
   679 | D:1      | Reached XP level 3. HP: 23/23 MP: 3/3
   714 | D:1      | Found a faded altar of an unknown god.
  1713 | D:2      | Noticed Sigmund
  1719 | D:2      | Killed from afar by Sigmund

Illustrated notes

Levels and vault maps discovered:
D:1:      lightli_arrival_noodles, layout_basic, basic_ecumenical_altar,
          kennysheep_boxes
D:2:      layout_loops_ring, uniq_sigmund, uniq_terence

Skill      XL: |  1  2 |
---------------+-------+-----
Axes           | 3 |  3.2
Dodging        | 2 |  2.1
Fighting       | |  3.6
Armour         | |  2.5

Action                   || total
-------------------------++-------
Melee: Hand axe          ||   101
Armor: Animal skin       ||    21
       Leather armour    ||    36
Dodge: Dodged            ||    79

Table legend: (Time is in decaauts)
 A = Elapsed time spent in this place.
 B = Non-inter-level travel time spent in this place.
 C = Inter-level travel time spent in this place.
 D = Time resting spent in this place.
 E = Time spent auto-exploring this place.
 F = Levels seen in this place.
 G = Mean time per level.
                   A        B        C        D        E       F      G
               +--------+--------+--------+--------+--------+-----+--------+
         Total |   1739 |   1679 |     60 |    682 |    537 |   2 |  869.5 |
       Dungeon |   1739 |   1679 |     60 |    682 |    537 |   2 |  869.5 |
               +--------+--------+--------+--------+--------+-----+--------+

Top non-repeatable levels by time:
     D:1: 1367 daAuts
     D:2: 371 daAuts
